 Dungeon Crawl Stone Soup version 0.29.1-12-g30fa7ad0bf (webtiles) character file.

Game seed: 12678292204575866409

2391 hawla the Chiller (level 10, -2/79 HPs)
             Began as a Meteoran Ice Elementalist on Jan 9, 2023.
             Was a Follower of Vehumet.
             Slain by a wolf (8 damage)
             ... led by Grum
             ... on level 9 of the Dungeon.
             The game lasted 00:13:27 (2466 turns).

hawla the Chiller (Meteoran Ice Elementalist)       Turns: 2466, Time: 00:13:28

Health: -2/79      AC:  2    Str: 12    XL:     10   Next: 4%
Magic:  6/18       EV: 16    Int: 29    God:    Vehumet [*.....]
Gold:   146        SH:  0    Dex: 21    Spells: 11/19 levels left

rFire   + + .      SeeInvis .   m - +5 dagger of the Viper {spect, rF+ Int+3}
rCold   . . .      Faith    .   (no shield)
rNeg    . . .      Spirit   .   g - +0 robe {rC+ rF+}
rPois   .          Reflect  .   (no helmet)
rElec   .          Harm     .   (no cloak)
rCorr   .          Rampage  .   (no gloves)
Will    +....                   (no boots)
Stlth   +.........              t - amulet of the Good {rC- Regen+ Str+2 Int+5}
HPRegen 1.03/turn               h - +6 ring of dexterity
MPRegen 0.16/turn               (no ring)

@: hasted, glowing, very quick
A: sense surroundings 2, otherworldly, glowing, explore regen
a: Renounce Religion


You were on level 9 of the Dungeon.
You worshipped Vehumet.
Vehumet was aware of your devotion.
You visited 2 branches of the dungeon, and saw 10 of its levels.

You collected 179 gold pieces.
You spent 33 gold pieces at shops.

Inventory:

Hand Weapons
 e - the +5 dagger "Rifuzi" {vamp, rN+ Will+ rCorr Dex+2}
   (You found it on level 2 of the Dungeon)

   It occasionally heals its wielder for a portion of the damage dealt when it
   wounds a living foe.
   Dex:       It affects your dexterity (+2).
   rN:        It protects you from negative energy.
   rCorr:     It protects you from acid and corrosion.
   Will:      It increases your willpower.
 l - the +8 trident of the Octopus King {venom, rElec rPois}
   (You found it on level 4 of the Dungeon)

   It poisons the flesh of those it strikes.
   rElec:     It insulates you from electricity.
   rPois:     It protects you from poison.
 m - the +5 dagger of the Viper (weapon) {spect, rF+ Int+3}
   (You found it on level 5 of the Dungeon)

   When its wielder attacks, the weapon's spirit leaps out and strikes again.
   The spirit shares a part of any damage it takes with its wielder.
   Int:       It affects your intelligence (+3).
   rF:        It protects you from fire.
Armour
 g - a +0 robe of resistance (worn)
Jewellery
 b - a ring of flight
 h - a +6 ring of dexterity (left hand)
 t - the amulet of the Good (around neck) {rC- Regen+ Str+2 Int+5}
   (You found it on level 7 of the Dungeon)

   [amulet of regeneration]

   Str:       It affects your strength (+2).
   Int:       It affects your intelligence (+5).
   rC:        It makes you vulnerable to cold.
   Regen:     It increases your rate of health regeneration.
 y - a ring of resist corrosion
Wands
 a - a wand of polymorph (5)
 d - a wand of quicksilver (20)
 f - a wand of flame (40) (quivered)
 q - a wand of iceblast (10)
 w - a wand of mindburst (12)
Scrolls
 j - a scroll of brand weapon {unknown}
 k - 2 scrolls of teleportation
 n - 2 scrolls of fear {unknown}
 o - a scroll of enchant weapon
 p - a scroll of summoning {unknown}
 s - a scroll of fog {unknown}
 v - a scroll of identify
Potions
 r - 2 potions of curing
 u - a potion of might {unknown}
 x - a potion of ambrosia {unknown}


   Skills:
 + Level 4.2 Fighting
 + Level 5.8 Short Blades
 + Level 5.7 Polearms
 + Level 6.2 Dodging
 - Level 1.4 Stealth
 - Level 5.3 Spellcasting
 - Level 5.0 Conjurations
 - Level 6.6 Ice Magic
 + Level 2.0 Evocations


You had 11 spell levels left.
You knew the following spells:

 Your Spells              Type           Power      Damage    Failure   Level
a - Freeze                Ice            100%       1d11      1%          1
b - Frozen Ramparts       Ice            92%        1d14      1%          3
c - Hailstorm             Conj/Ice       41%        3d10      5%          4

Your spell library contained the following spells:

 Spells                   Type           Power      Damage    Failure   Level
 Magic Dart               Conj           100%       1d8       1%          1
 Ozocubu's Armour         Ice            46%        N/A       1%          3
 Iskenderun's Battlesphe  Conj           36%        2d9       22%         5
 Fireball                 Conj/Fire      11%        3d7       52%         5
 Conjure Ball Lightning   Conj/Air       11%        3x3d6     98%         6
 Orb of Destruction       Conj           18%        9d8       100%        7


Dungeon Overview and Level Annotations

Branches:
Dungeon (9/15) Zot: 3007   Temple (1/1) D:5 Zot: 542
   Lair: D:8-11         Orc: D:9-12

Altars:
Ashenzari
Dithmenos
Elyvilon
Fedhas
Gozag
Hepliaklqana
Kikubaaqudgha
Makhleb
Nemelex Xobeh
Okawaru
Qazlal
Sif Muna
Trog
Uskayaw
Vehumet
Wu Jian
Xom
Zin
The Shining One

Shops:
D:2 ([*=   D:4 :   D:8 *


Innate Abilities, Weirdness & Mutations

You passively map the area around you.
You are easily found by Zot.
You glow in the dark.
You regain HP and MP as you explore.


Message History

A cannonade of hail descends around you!
The hail pelts Grum!
You kill Grum!
Vehumet accepts your kill.
You can now gain magical power from killing.
Vehumet offers you knowledge of Magic Dart.
The wolf closely misses you. The wolf barely misses you. x3
You have reached level 10!
You feel much better.
The wolf bites you. x2; The wolf closely misses you.
The wolf bites you but does no damage. The wolf completely misses you.
The +8 trident of the Octopus King {venom, rElec rPois} stops dripping with poison.
You feel clever.
You feel a bond with the +5 dagger of the Viper {spect, rF+ Int+3}.
m - the +5 dagger of the Viper (weapon)
{spect, rF+ Int+3} You closely miss the wolf.
The wolf is heavily wounded.
Your +5 dagger of the Viper {spect, rF+ Int+3} hits the wolf.
The wolf closely misses you. The wolf misses you. The wolf bites you. x2
The wolf bites you! x2
You are too injured to fight recklessly!
You completely miss the wolf.
Your +5 dagger of the Viper {spect, rF+ Int+3} hits the wolf.
The wolf closely misses you. The wolf bites you!
* * * LOW HITPOINT WARNING * * *
The wolf bites you!
* * * LOW HITPOINT WARNING * * *
Unknown command.
You feel much better.
The wolf bites you. x2; The wolf bites you!
You feel yourself speed up. The wolf bites you!
* * * LOW HITPOINT WARNING * * *
The wolf bites you.
* * * LOW HITPOINT WARNING * * *
The wolf completely misses you. The wolf closely misses you.
The wolf bites you.
* * * LOW HITPOINT WARNING * * *
The wolf closely misses you. The wolf attacks as you move away!
The wolf bites you!
* * * LOW HITPOINT WARNING * * *
The wolf barely misses you. The wolf bites you!
You die...

, ,,......# *
* ,, ......# +
* + , ,
#.....#, , , ,
,,
#####*#.....#
, , ,,
#....##.)...#
, ,
,#....§..§§..#
, *
,#....<..)...#
,
,#.....hhh§§.#
* , ,
#......@....#
, , , ,
#...........#
,,
#...........#
,
#######.>...#,
* , , #######
** ,, , , , ,
*, , , , , , *
*,, , , , ,


You could see 3 wolves.

Vanquished Creatures
  A two-headed ogre (D:8)
  Sigmund (D:3)
  A wyvern (D:7)
  A shadow (D:8)
  Grum (D:9)
  Edmund (D:5)
  2 ice beasts (D:8)
  2 centaurs
  A phantom (D:5)
  A bullfrog (D:6)
  2 scorpions
  A howler monkey (D:6)
  3 hounds
  3 orc priests
  2 iguanas (D:4)
  5 orc wizards
  2 adders
  An ufetubus (D:4)
  A worm (D:4)
  A dart slug (D:2)
  14 orcs
  2 endoplasms
  A giant cockroach (D:4)
  4 goblins
  4 hobgoblins
  10 jackals
  2 quokkas
  7 ball pythons
  2 bats
  A frilled lizard (D:2)
  3 kobolds (D:4)
  3 rats
86 creatures vanquished.

Notes
Turn   | Place    | Note
-------+----------+-------------------------------------------
     0 | D:1      | hawla the Meteoran Ice Elementalist began the quest for the
                  | Orb.
     0 | D:1      | Reached XP level 1. HP: 14/14 MP: 5/5
    87 | D:1      | Reached XP level 2. HP: 20/20 MP: 2/6
   147 | D:2      | Found Manlul's General Store.
   168 | D:2      | Found a faded altar of an unknown god.
   177 | D:2      | Identified the +5 dagger "Rifuzi" {vamp, rN+ Will+ rCorr
                  | Dex+2}
   203 | D:2      | Reached XP level 3. HP: 22/26 MP: 8/8
   204 | D:2      | Bought a potion of curing for 33 gold pieces
   214 | D:2      | Found Ixierona's Weapon Emporium.
   220 | D:1      | Reached skill level 1 in Evocations
   224 | D:1      | Learned a level 3 spell: Frozen Ramparts
   233 | D:2      | Found Doshuhits's Antique Armour Emporium.
   288 | D:2      | Found Tapnalu's Jewellery Boutique.
   324 | D:3      | Reached XP level 4. HP: 32/33 MP: 9/9
   329 | D:3      | Learned a level 4 spell: Hailstorm
   374 | D:3      | Reached XP level 5. HP: 37/38 MP: 7/10
   415 | D:3      | Noticed Sigmund
   431 | D:3      | Killed Sigmund
   432 | D:3      | Reached skill level 5 in Ice Magic
   432 | D:3      | Reached XP level 6. HP: 17/46 MP: 0/12
   556 | D:4      | Found Ferghomuf's Vocational Training.
   561 | D:4      | Reached XP level 7. HP: 51/51 MP: 7/13
   661 | D:4      | Found a stormy altar of Qazlal.
   661 | D:4      | Found an ornate altar of the Wu Jian Council.
   668 | D:4      | Found a faded altar of an unknown god.
   670 | D:4      | Found a faded altar of an unknown god.
   672 | D:4      | Found an ancient bone altar of Kikubaaqudgha.
   948 | D:4      | Found a burning altar of Makhleb.
  1063 | D:4      | Reached skill level 1 in Short Blades
  1189 | D:4      | Found the +8 trident of the Octopus King {venom, rElec
                  | rPois}
  1317 | D:5      | Entered Level 5 of the Dungeon
  1350 | D:5      | Reached skill level 1 in Fighting
  1361 | D:5      | Found a staircase to the Ecumenical Temple.
  1361 | D:5      | Identified the +5 dagger of the Viper {spect, rF+ Int+3}
  1367 | D:5      | Noticed Edmund
  1373 | D:5      | Killed Edmund
  1374 | D:5      | Reached skill level 5 in Spellcasting
  1374 | D:5      | Reached XP level 8. HP: 34/59 MP: 8/16
  1379 | Temple   | Entered the Ecumenical Temple
  1427 | Temple   | Became a worshipper of Vehumet
  1489 | D:6      | Reached skill level 5 in Conjurations
  1645 | D:6      | Found a shimmering blue altar of Sif Muna.
  1754 | D:7      | Identified the amulet of the Good {rC- Regen+ Str+2 Int+5}
  1789 | D:7      | Noticed a wyvern
  1796 | D:7      | Killed a wyvern
  1797 | D:7      | Gained mutation: You passively map the area around you.
                  | [Meteoran growth]
  1797 | D:7      | Reached XP level 9. HP: 30/68 MP: 9/17
  1915 | D:8      | Reached skill level 5 in Short Blades
  1915 | D:8      | Reached skill level 5 in Dodging
  1948 | D:8      | Found a blossoming altar of Fedhas.
  1991 | D:8      | Found Qulotz's Assorted Antiques.
  2144 | D:8      | Noticed a two-headed ogre
  2152 | D:8      | Killed a two-headed ogre
  2153 | D:8      | Reached skill level 5 in Polearms
  2450 | D:9      | Noticed Grum
  2458 | D:9      | Killed Grum
  2458 | D:9      | Reached * piety under Vehumet
  2458 | D:9      | Offered knowledge of Magic Dart by Vehumet.
  2459 | D:9      | Reached XP level 10. HP: 32/79 MP: 5/18
  2466 | D:9      | Slain by a wolf

Illustrated notes

Levels and vault maps discovered:
D:1:      lemuel_arrival_tunnels, layout_basic
D:2:      layout_rooms, serial_shops, nicolae_shop_advertising_works
          [nicolae_subvault_shop_adworks], nicolae_square_shop,
          nicolae_square_shop, nicolae_square_shop,
          nicolae_ecumenical_snake_handling
D:3:      layout_basic, minmay_misc_feat_secret_circle,
          dreamdust_mushroom_princess, minmay_snake_closets, uniq_terence,
          uniq_sigmund
D:4:      layout_gridville, mainiacjoe_overflow_24_doors,
          chequers_temple_overflow_minitemple, serial_forest,
          infiniplex_forest_clump_long, infiniplex_forest_end_2,
          infiniplex_forest_lined_ring, infiniplex_forest_end_2,
          infiniplex_forest_end_3, nicolae_shop_vocational
D:5:      layout_gridville, minmay_temple_entry_mini_moons,
          kennysheep_generic_room_4, uniq_edmund, uniq_eustachio
D:6:      layout_loops_cross, mainiacjoe_overflow_brackets
D:7:      cheibrodos_fzero, layout_basic
D:8:      layout_loops_cross, nicolae_overflow_hidden_temple, serial_shops,
          nicolae_shop_waterfront
D:9:      layout_stronghold, nicolae_ru_great_annihilating_truth,
          cheibrodos_worm_habitat, lair_entry_dummy, dreamdust_gnoll_shepherd,
          uniq_grum
Temple:   nicolae_temple_ecumenical_triangle

Skill      XL: |  1  2  3  4  5  6  7  8  9 |
---------------+----------------------------+-----
Evocations     | 2 |  2.0
Spellcasting   | 3 5 |  5.3
Conjurations   | 3 4 5 |  5.0
Ice Magic      | 5 6 |  6.6
Dodging        | 3 4 6 |  6.2
Short Blades   | 1 4 5 |  5.8
Fighting       | 1 2 4 |  4.2
Polearms       | 5 |  5.7
Stealth        | |  1.4

Action                   |  1- 3 |  4- 6 |  7- 9 | 10-12 || total
-------------------------+-------+-------+-------+-------++-------
Melee: Unarmed           |     6 |       |       |       ||     6
       Dagger            |    20 |    17 |    59 |     2 ||    98
       Trident           |       |       |    44 |       ||    44
 Cast: Freeze            |    24 |     5 |    19 |       ||    48
       Frozen Ramparts   |     1 |     5 |    14 |       ||    20
       Hailstorm         |       |     1 |     9 |       ||    10
  Use: Potion            |     1 |     3 |       |     3 ||     7
       Scroll            |       |       |     4 |       ||     4
 Stab: Distracted        |       |       |     1 |       ||     1
Armor: Robe              |    13 |     3 |    24 |     1 ||    41
Dodge: Dodged            |    36 |    14 |    84 |     9 ||   143
